 Dungeon Crawl Stone Soup version 0.31-a0-691-g409c26aa35 (webtiles) character file.

Game seed: 10189914356564693261

182 Xavori the Sneak (level 5, -3/37 HPs)
             Began as an Octopode Chaos Knight on Sept 7, 2023.
             Was a Plaything of Xom.
             Slain by Natasha (6 damage)
             ... on level 3 of the Dungeon.
             The game lasted 00:02:32 (5808 turns).

Xavori the Sneak (Octopode Chaos Knight)            Turns: 5808, Time: 00:02:33

Health: -3/37      AC:  3    Str:  8 (11) XL:     5   Next: 62%
Magic:  5/5        EV: 13    Int: 16 (18) God:    Xom [.....*]
Gold:   87         SH:  0    Dex:  9 (12) Spells: 4/4 levels left

rFire   . . .        g - +2 dagger (flame)
rCold   + + .        (no shield)
rNeg    . . .        (helmet restricted)
rPois   .            (no amulet)
rElec   .            m - ring of willpower
rCorr   .            (no ring)
SInv    .            (no ring)
Will    +....        (no ring)
Stlth   +++          (no ring)
HPRegen 0.26/turn    (no ring)
MPRegen 0.09/turn    (no ring)
                     (no ring)

%: no passive effects
@: mighty
A: almost no armour, amphibious, 8 rings, camouflage 1, gelatinous body 1,
(nimble swimmer 1), tentacles, iridescent scales 1, clever 1, cold resistance 2,
mutation resistance 1, MP-powered wands
a: Renounce Religion


You were on level 3 of the Dungeon.
You worshipped Xom.
You were Xom's teddy bear.
You visited 1 branch of the dungeon, and saw 3 of its levels.

You collected 87 gold pieces.

Inventory:

Hand Weapons
 a - a +0 short sword of chaos
 g - a +2 dagger of flaming (weapon)
Jewellery
 m - a ring of willpower (left tentacle)
 p - an amulet of regeneration
Scrolls
 b - a scroll of butterflies
 c - a scroll of vulnerability {unknown}
 d - 2 scrolls of enchant weapon {unknown}
 e - 2 scrolls of immolation {unknown}
 h - a scroll of noise
 i - a scroll of teleportation
 n - a scroll of enchant armour
 o - a scroll of amnesia {unknown}
 r - a scroll of poison
Potions
 j - a potion of resistance {unknown}


   Skills:
 + Level 3.7 Fighting
 + Level 4.0 Short Blades
 + Level 3.1 Dodging
 + Level 4.5 Stealth


You had 4 spell levels left.
You didn't know any spells.
Your spell library contained the following spells:

 Spells                   Type           Power      Damage    Failure   Level
 Foxfire                  Conj/Fire      0%         2x1d4     26%         1
 Freeze                   Ice            0%         1d3       26%         1
 Frozen Ramparts          Ice            0%         1d1       58%         3
 Hailstorm                Conj/Ice       0%         3d3       58%         3
 Plasma Beam              Fire/Air       0%         2x1d10    100%        6
 Starburst                Conj/Fire      0%         6d3       100%        6


Dungeon Overview and Level Annotations

Branches:
Dungeon (3/15)

Altars:
Dithmenos

Shops:
D:3 =

Annotations:
D:3 Natasha


Innate Abilities, Weirdness & Mutations

You cannot wear most types of armour.
You are amphibious.
You can wear up to eight rings at the same time.
Your skin changes colour to match your surroundings (Stealth+).
Your rubbery body absorbs attacks. (AC +1, EV +1)
((You are camouflaged when in or above water. (Stealth+)))
You have tentacles for arms and can constrict up to eight enemies at once.
You are partially covered in iridescent scales. (AC +2)
Your mind is acute. (Int +4, Str/Dex -1)
Your flesh is very cold resistant. (rC++)
You are somewhat resistant to further mutation.
You expend magic power (3 MP) to strengthen your wands.


Message History

a +0 hand axe; a +0 ring mail You hit the orc but do no damage.
You grab the orc. You constrict the orc.
You hear some strange, mumbled words.
A puff of flame appears from out of thin air!
The puff of flame hits you! The orc hits you with a +0 dagger.
Unknown command.
You are too injured to fight recklessly!
You are too injured to fight recklessly!
You hit the orc. You burn the orc.
You kill the orc!
You hear some strange, mumbled words.
A magic dart appears from out of thin air!
The magic dart hits you.
* * * LOW HITPOINT WARNING * * *
It was a potion of degeneration.
There was something very wrong with that liquid.
You feel weakened.
You feel dopey.
You feel clumsy.
Xom is interested.
Xom is highly amused!
Something hits you.
* * * LOW HITPOINT WARNING * * *
It was a potion of curing.
You feel better.
You hear some strange, mumbled words.
Something tries to affect you, but you resist.
It was a potion of might.
You feel very mighty all of a sudden.
Xom thinks this is hilarious!
Natasha closely misses you. Something hits you.
* * * LOW HITPOINT WARNING * * *
You barely miss Natasha. Your grab misses Natasha. Natasha claws you.
* * * LOW HITPOINT WARNING * * *
Unknown command.
You closely miss Natasha. Your grab misses Natasha. You squeeze Natasha.
Natasha is lightly wounded.
Something hits you.
* * * LOW HITPOINT WARNING * * *
You hit Natasha. You burn Natasha. Your grab misses Natasha.
Natasha is moderately wounded.
Natasha claws you.
You die...
Natasha curls up and begins to purr.

##################.##.....###..#
#.##.....# #..# #.##.....# #..#
#.#......# #######'#......#
#..............# .
..#.....†........ ....
)...............# ....
......h@........# #..##
......).{.......# #..##
..#.............# #..##
#............^# #..##
#.............# #..##
#............. #..##
############## ###..##
##########...###
................


You could see Natasha.

Vanquished Creatures
  Terence (D:2)
  4 gnolls (D:3)
  3 adders (D:2)
  3 dart slugs (D:3)
  7 orcs (D:3)
  3 endoplasms
  3 giant cockroaches
  7 goblins
  7 hobgoblins
  4 jackals (D:1)
  10 kobolds
  3 quokkas
  2 ball pythons
  10 bats
  4 frilled lizards
  7 rats
78 creatures vanquished.

Notes
Turn   | Place    | Note
-------+----------+-------------------------------------------
     0 | D:1      | Xavori the Octopode Chaos Knight began the quest for the
                  | Orb.
     0 | D:1      | Reached XP level 1. HP: 16/16 MP: 1/1
   182 | D:1      | XOM: butterfly on damage
   185 | D:1      | Reached XP level 2. HP: 14/21 MP: 2/2
   504 | D:1      | Reached XP level 3. HP: 26/26 MP: 3/3
   520 | D:1      | XOM: silly message
   647 | D:1      | XOM: give mutation
   647 | D:1      | Gained mutation: Your spells are a little harder to cast,
                  | but a little more powerful. [Xom's mischief]
   770 | D:1      | Reached skill level 1 in Stealth
   915 | D:1      | XOM: give mutation
   915 | D:1      | Gained mutation: You are partially covered in iridescent
                  | scales. (AC +2) [Xom's mischief]
  1097 | D:2      | XOM: stealth player
  1177 | D:2      | Reached XP level 4. HP: 33/33 MP: 4/4
  1182 | D:2      | Found a shadowy altar of Dithmenos.
  1206 | D:2      | Noticed Terence
  1212 | D:2      | Killed Terence
  2076 | D:1      | XOM: noise
  2167 | D:1      | XOM: give mutations
  2167 | D:1      | Lost mutation: Your spells are a little harder to cast, but
                  | a little more powerful. [Xom's mischief]
  2167 | D:1      | Gained mutation: Your magical capacity is low. (-10% MP)
                  | [Xom's mischief]
  2167 | D:1      | Gained mutation: Your flesh is cold resistant. (rC+) [Xom's
                  | mischief]
  2432 | D:1      | XOM: give mutations
  2432 | D:1      | Gained mutation: Your mind is acute. (Int +4, Str/Dex -1)
                  | [Xom's mischief]
  2432 | D:1      | Gained mutation: You are mostly covered in iridescent
                  | scales. (AC +4) [Xom's mischief]
  2432 | D:1      | Gained mutation: You are somewhat resistant to further
                  | mutation. [Xom's mischief]
  2457 | D:1      | XOM: cloud trail
  2804 | D:1      | XOM: divination: magic mapping
  2958 | D:1      | XOM: scenery: 1 doors close
  3142 | D:1      | XOM: scenery: 1 doors open
  3584 | D:1      | XOM: scenery: 1 doors close
  3695 | D:1      | XOM: scenery: 1 doors open
  4031 | D:1      | XOM: give mutation
  4031 | D:1      | Lost mutation: Your magical capacity is low. (-10% MP)
                  | [Xom's grace]
  4914 | D:1      | XOM: give mutations
  4914 | D:1      | Lost mutation: You are mostly covered in iridescent scales.
                  | (AC +4) [Xom's mischief]
  4914 | D:1      | Lost mutation: You are partially covered in iridescent
                  | scales. (AC +2) [Xom's mischief]
  5144 | D:1      | XOM: give mutations
  5144 | D:1      | Gained mutation: You are partially covered in iridescent
                  | scales. (AC +2) [Xom's grace]
  5144 | D:1      | Gained mutation: You expend magic power (3 MP) to
                  | strengthen your wands. [Xom's grace]
  5144 | D:1      | Gained mutation: Your flesh is very cold resistant. (rC++)
                  | [Xom's grace]
  5408 | D:3      | Reached XP level 5. HP: 37/37 MP: 5/5
  5718 | D:3      | Found Ezugg's Jewellery Shoppe.
  5800 | D:3      | Noticed Natasha
  5808 | D:3      | Slain by Natasha

Illustrated notes

Levels and vault maps discovered:
D:1:      lightli_molten_gateway, layout_loops_corners, minmay_ruptured
D:2:      layout_rooms, basic_altar, kennysheep_doodads, kennysheep_crisscross,
          minmay_misc_feat_cross, grunt_ministairs_15, uniq_terence
D:3:      layout_basic, serial_shops, shop, uniq_natasha

Skill      XL: |  1  2  3  4  5 |
---------------+----------------+-----
Stealth        | 2 3 4 |  4.5
Dodging        | 3 |  3.1
Short Blades   | 4 |  4.0
Fighting       | |  3.7

Action                     |  1- 3 |  4- 6 || total
---------------------------+-------+-------++-------
  Melee: Short sword       |    51 |       ||    51
         Constrict         |    14 |    15 ||    29
         Tentacles         |     9 |    17 ||    26
         Punch             |     2 |       ||     2
         Dagger            |    29 |    66 ||    95
    Use: Scroll            |       |     4 ||     4
         Potion            |       |     3 ||     3
   Stab: Sleeping          |    11 |    10 ||    21
 Armour: Skin              |    28 |    38 ||    66
  Dodge: Dodged            |    43 |    45 ||    88

Table legend: (Time is in decaauts)
 A = Elapsed time spent in this place.
 B = Non-inter-level travel time spent in this place.
 C = Inter-level travel time spent in this place.
 D = Time resting spent in this place.
 E = Time spent auto-exploring this place.
 F = Levels seen in this place.
 G = Mean time per level.
                   A        B        C        D        E       F      G
               +--------+--------+--------+--------+--------+-----+--------+
         Total |   5780 |   5687 |     93 |   3840 |   1456 |   3 | 1926.7 |
       Dungeon |   5780 |   5687 |     93 |   3840 |   1456 |   3 | 1926.7 |
               +--------+--------+--------+--------+--------+-----+--------+

Top non-repeatable levels by time:
     D:1: 4823 daAuts
     D:2: 517 daAuts
     D:3: 440 daAuts
